 Dungeon Crawl Stone Soup version 0.25-a0-632-g7713895373 (webtiles) character file.

Game seed: 2604454881066080573, levelgen mode: classic

93 EnegeticOcto the Shield-Bearer (level 4, 0/31 HPs)
             Began as an Octopode Fighter on Mar 19, 2020.
             Slain by Robin
             ... wielding a +0 vampiric dagger
              (2 damage)
             ... on level 2 of the Dungeon.
             The game lasted 00:00:38 (1483 turns).

EnegeticOcto the Shield-Bearer (Octopode Fighter)   Turns: 1483, Time: 00:00:39

Health: 0/31       AC:  1    Str: 15    XL:     4   Next: 61%
Magic:  4/4        EV: 12    Int: 10    God:
Gold:   108        SH:  9    Dex: 12    Spells: 3/3 levels left

rFire    . . .     SeeInvis .   a - +0 war axe
rCold    . . .     Gourm    .   b - +0 kite shield
rNeg     . . .     Faith    .   (helmet restricted)
rPois    .         Spirit   .   (no amulet)
rElec    .         Reflect  .   (no ring)
rCorr    .         Harm     .   (no ring)
MR       .....                  (no ring)
Stlth    ++........             (no ring)
HPRegen  0.10/turn              (no ring)
MPRegen  0.09/turn              (no ring)
                                (no ring)
                                (no ring)

@: no status effects
A: almost no armour, stealthy swim, amphibious, 8 rings, constrict 8, camouflage
1, gelatinous body 1
a: no special abilities


You were on level 2 of the Dungeon.
You were not hungry.

You visited 1 branch of the dungeon, and saw 2 of its levels.

You collected 108 gold pieces.

Inventory:

Hand Weapons
 a - a +0 war axe (weapon)
Armour
 b - a +0 kite shield (worn)
Scrolls
 d - a scroll of amnesia {unknown}
 f - 2 scrolls of identify {unknown}
 j - a scroll of teleportation {unknown}
 l - a scroll of fog {unknown}
 m - 2 scrolls of immolation {unknown}
Potions
 c - a potion of heal wounds {unknown}
 g - a potion of mutation {unknown}
 h - a potion of invisibility {unknown}
 k - 2 potions of might {@q3}
Comestibles
 e - 5 rations
 i - 4 chunks of flesh


   Skills:
 + Level 3.5 Fighting
 * Level 3.3 Axes
 + Level 3.5 Dodging
 + Level 3.5 Shields


You had 3 spell levels left.
You didn't know any spells.
Your spell library was empty.

Dungeon Overview and Level Annotations

Branches:
Dungeon (2/15)

Altars:

Annotations:
D:2 Robin


Innate Abilities, Weirdness & Mutations

You cannot wear most types of armour.
You are very stealthy in the water. (Stealth+)
You are amphibious.
You can wear up to eight rings at the same time.
You can use your tentacles to constrict eight enemies at once.
Your skin changes colour to match your surroundings (Stealth+).
Your rubbery body absorbs attacks. (AC +1, EV +1)


Message History

2 goblins come into view.
The goblin shouts!
You hear a shout!
A goblin comes into view.
A goblin comes into view. It is wielding a +0 club.
The goblin moves out of view.
A goblin and Robin come into view.
Robin is wielding a +0 vampiric dagger.
A goblin comes into view.
The goblin moves out of view.
A goblin comes into view. It is wielding a +0 dagger.
Robin throws the goblin at you! The goblin hits you.
You block the goblin's attack.
Found 5 gold pieces.
Found an escape hatch in the ceiling.
The goblin shouts!
The hobgoblin shouts!
You hit the rat but do no damage. Your grab misses the rat.
Your squeeze misses the rat.
Your shield prevents you from hitting the goblin.
You hit the goblin.
You hear an angry hiss.
The rat barely misses you. The goblin hits you. The goblin closely misses you.
A ball python comes into view.
Robin throws the goblin at you!
The ball python hisses angrily.
You hit the goblin.
You kill the goblin!
You hit the goblin. x2
You kill the goblin!
You slash the rat!
You kill the rat!
You slash the goblin!
You kill the goblin!
A rat comes into view.
You block the goblin's attack. Robin throws the goblin at you!
The goblin barely misses you.
A goblin comes into view.
The goblin shouts!
You slash the goblin!
You kill the goblin!
You closely miss the goblin. You barely miss the goblin.
You hit the goblin but do no damage. The goblin closely misses you.
A hobgoblin comes into view.
Robin roars a battlecry!
The goblins go into a battle-frenzy!
The goblin misses you. You block the goblin's attack.
You hit the goblin.
You kill the goblin!
You closely miss the goblin.
Your shield prevents you from hitting the goblin.
You closely miss the goblin. The goblin closely misses you.
You block the goblin's attack. x2; The hobgoblin barely misses you.
The goblin closely misses you. x2
You hit the hobgoblin.
You kill the hobgoblin!
You hit the goblin.
You closely miss the goblin. x2; The goblin misses you.
You block the goblin's attack. The goblin closely misses you.
The goblin misses you.
There are monsters nearby!
Robin throws the goblin at you! The goblin hits you with a +0 club.
You closely miss the goblin. You grab the goblin. You squeeze the goblin.
You kill the goblin!
You closely miss the goblin. You completely miss the goblin.
You block the goblin's attack. The goblin hits you but does no damage.
The goblin hits you with a +0 club.
You closely miss the goblin. You grab the goblin. You hit Robin.
You closely miss the goblin. You constrict the goblin.
Robin throws the goblin at you! The goblin barely misses you.
The goblin hits you with a +0 club. You block Robin's attack.
You slash the goblin!
You kill the goblin!
You completely miss Robin. You closely miss the rat. You hit the goblin.
You kill the goblin!
You block the rat's attack.
A jackal comes into view.
The jackal barks!
You hit the ball python. You grab the ball python.
The ball python is severely wounded.
You closely miss the rat. You barely miss Robin.
Your shield prevents you from hitting the goblin.
You constrict the ball python.
You kill the ball python!
The rat bites you. You block Robin's attack.
A jackal comes into view.
The goblin hits you.
* * * LOW HITPOINT WARNING * * *
You block the rat's attack. Robin throws the goblin at you!
* * * LOW HITPOINT WARNING * * *
You block the goblin's attack.
You closely miss the hobgoblin. Your grab misses the hobgoblin.
You hit the rat. You hit Robin. You slash the goblin!
You kill the goblin!
The hobgoblin closely misses you. The rat barely misses you.
You block Robin's attack. The hobgoblin barely misses you.
You hit the hobgoblin. You grab the hobgoblin. You squeeze the hobgoblin.
You kill the hobgoblin!
You closely miss the rat. You hit Robin but do no damage.
The rat bites you but does no damage.
Robin hits you with a +0 vampiric dagger.
* * * LOW HITPOINT WARNING * * *
Robin draws strength from your wounds! The rat closely misses you.
Robin hits you with a +0 vampiric dagger.
You die...

...!.#.................
#..............#########.
................# #.
................# #.
................# ##
................# #
................# #
<.....)rg.......# #
......hh@......## #
.......##)..?.## #
......# ####### ### #
...### #.## # .. #..# # $
##.# # #.# #
#########.###
#....#.......


You could see Robin, 2 jackals and a rat.

Vanquished Creatures
  Jessica (D:2)
  2 oozes (D:1)
  2 leopard geckos (D:1)
  A ball python (D:2)
  2 bats (D:1)
  A giant cockroach (D:1)
  12 goblins
  9 hobgoblins
  10 jackals (D:1)
  4 kobolds (D:1)
  2 rats
46 creatures vanquished.

Notes
Turn   | Place    | Note
-------+----------+-------------------------------------------
     0 | D:1      | EnegeticOcto the Octopode Fighter began the quest for the
                  | Orb.
     0 | D:1      | Reached XP level 1. HP: 16/16 MP: 1/1
   267 | D:1      | Reached XP level 2. HP: 21/21 MP: 2/2
   582 | D:1      | Reached XP level 3. HP: 24/26 MP: 3/3
  1390 | D:2      | Noticed Jessica
  1394 | D:2      | Killed Jessica
  1394 | D:2      | Reached XP level 4. HP: 31/31 MP: 4/4
  1470 | D:2      | Noticed Robin
  1483 | D:2      | Slain by Robin

Levels and vault maps discovered:
D:1:      lordsloth_arrival_two_stooges, layout_loops_corners, st_stairs_3,
          minmay_unequal
D:2:      layout_rooms, first_ration, uniq_robin, uniq_jessica

Skill      XL: |  1  2  3 |
---------------+----------+-----
Axes           | 3 |  3.3
Fighting       | |  3.5
Dodging        | |  3.5
Shields        | |  3.5

Action                   |  1- 3 |  4- 6 || total
-------------------------+-------+-------++-------
Melee: War axe           |    75 |    11 ||    86
       Constrict         |    15 |     4 ||    19
       Tentacles         |     9 |     2 ||    11
 Stab: Sleeping          |     2 |       ||     2
  Eat: Chunk             |     2 |       ||     2
Armor: Skin              |    14 |     2 ||    16
Dodge: Dodged            |    51 |    17 ||    68
Block: Kite shield       |    38 |    13 ||    51

Table legend:
 A = Non-vault XP
 B = Vault XP
 C = Vault XP percentage of total XP
 D = Non-vault monster count
 E = Vault monster count
 F = Vault count percentage of total count
                 A         B        C        D         E       F
            +---------+---------+-------+---------+---------+-------
      Total |      61 |      72 |  54.1 |      29 |      17 |  37.0
            +---------+---------+-------+---------+---------+-------
        D:1 |      56 |      17 |  23.3 |      26 |       6 |  18.8
        D:2 |       5 |      55 |  91.7 |       3 |      11 |  78.6
            +---------+---------+-------+---------+---------+-------
